 Dungeon Crawl Stone Soup version 0.23-a0-305-g7ffd15e (webtiles) character file.

36 Gildeon the Insei (level 3, 0/23 HPs)
             Began as an Octopode Transmuter on Oct 9, 2018.
             Slain by a worm (6 damage)
             ... on level 2 of the Dungeon.
             The game lasted 00:06:15 (1309 turns).

Gildeon the Insei (Octopode Transmuter)             Turns: 1309, Time: 00:06:16

Health: 0/23       AC:  1    Str: 10    XL:     3   Next: 37%
Magic:  5/6        EV: 13    Int: 15    God:
Gold:   34         SH:  0    Dex: 12    Spells: 0/6 levels left

rFire    . . .     SeeInvis .     - Unarmed
rCold    . . .     Gourm    .   (no shield)
rNeg     . . .     Faith    .   (helmet restricted)
rPois    .         Spirit   .   (no amulet)
rElec    .         Reflect  .   (no ring)
rCorr    .         Harm     .   (no ring)
MR       .....                  (no ring)
Stlth    +++.......             (no ring)
HPRegen  0.07/turn              (no ring)
MPRegen  0.10/turn              (no ring)
                                (no ring)
                                (no ring)

@: appendage
A: almost no armour, stealthy swim, amphibious, 8 rings, constrict 8, tentacle
spike 3, camouflage 1, gelatinous body 1
a: End Transformation


You were on level 2 of the Dungeon.
You were not hungry.
One of your tentacles had a temporary spike.
You visited 1 branch of the dungeon, and saw 2 of its levels.

You collected 34 gold pieces.

Inventory:

Missiles
 a - 12 arrows
Scrolls
 f - a scroll of fear
Potions
 e - a potion of brilliance {unknown}
 g - 2 potions of berserk rage {unknown}
 h - a potion of heal wounds {unknown}
Comestibles
 b - a chunk of flesh
 c - 2 rations


   Skills:
 + Level 1.5 Fighting
 + Level 2.3 Dodging
 + Level 1.3 Stealth
 + Level 3.2 Unarmed Combat
 + Level 2.2 Spellcasting
 + Level 2.3 Transmutations


You couldn't memorise any spells.
You knew the following spells:

 Your Spells              Type           Power        Failure   Level  Hunger
a - Beastly Appendage     Tmut           #.....       9%          1    #......
b - Sticks to Snakes      Tmut           #.......     13%         2    ###....
c - Spider Form           Tmut/Pois      #.........   38%         3    ###....

Your spell library contained the following spells:

 Spells                   Type           Power        Failure   Level  Hunger
 Ice Form                 Ice/Tmut       #.......     80%         4    #####..
 Blade Hands              Tmut           #.........   93%         5    ######.


Dungeon Overview and Level Annotations

Branches:
Dungeon (2/15)

Altars:

Annotations:
D:2 Sigmund


Innate Abilities, Weirdness & Mutations

You cannot wear most types of armour.
You are very stealthy in the water. (Stealth+)
You are amphibious.
You can wear up to eight rings at the same time.
You can use your tentacles to constrict eight enemies at once.
Your skin changes colour to match your surroundings (Stealth+).
Your rubbery body absorbs attacks. (AC +1, EV +1)
One of your tentacles bears a large vicious spike.


Message History

You tentacle-slap the goblin.
You kill the goblin!
The worm bites you!
You see here a dagger.
You tentacle-slap the worm. Your grab misses the worm.
You pierce the worm.
The worm is heavily wounded.
You tentacle-slap the worm but do no damage.
You grab the worm.
You tentacle-slap the worm, but do no damage.
The worm is heavily wounded.
You constrict the worm, but do no damage.
The worm bites you.
* * * LOW HITPOINT WARNING * * *
You tentacle-slap the worm but do no damage.
The worm is moderately wounded.
You constrict the worm. You barely miss the worm.
The worm is heavily wounded.
You constrict the worm. The worm bites you.
You die...

#.....####÷####.
#...............
####.#.#.##...###.
#................#
#.##.#.#.##......#
#.##########......
#.#....... #.....#
#.#.⌠.⌠s⌠. #...<†#
#@#....... ###....
#.ws.....> #####
###....... .⌠.⌠.⌠.
....... #######


You could see a worm and a giant cockroach.

Vanquished Creatures
  A dart slug (D:1)
  4 giant cockroaches (D:1)
  6 goblins
  3 hobgoblins (D:1)
  2 jackals (D:1)
  3 kobolds
  7 bats
  A frilled lizard (D:1)
  4 rats
31 creatures vanquished.

Notes
Turn   | Place    | Note
-------+----------+-------------------------------------------
     0 | D:1      | Gildeon the Octopode Transmuter began the quest for the
                  | Orb.
     0 | D:1      | Reached XP level 1. HP: 13/13 MP: 3/3
   210 | D:1      | Reached XP level 2. HP: 18/18 MP: 3/5
   284 | D:1      | Learned a level 2 spell: Sticks to Snakes
   333 | D:1      | Reached skill level 1 in Stealth
   653 | D:1      | Reached XP level 3. HP: 23/23 MP: 6/6
   969 | D:2      | Noticed Sigmund
  1279 | D:2      | Learned a level 3 spell: Spider Form
  1309 | D:2      | Slain by a worm

Vault maps used:
D:1:      nicolae_arrival_memento_mori, grunt_decor_clamped
D:2:      grunt_temple_overflow_opulence, grunt_ministairs_3,
          kennysheep_flooded_box, wad_floor_pattern_untrapped, uniq_sigmund

Skill      XL: |  1  2 |
---------------+-------+-----
Stealth        | 1 |  1.3
Fighting       | |  1.5
Dodging        | |  2.3
Unarmed Combat | |  3.2
Spellcasting   | |  2.2
Transmutations | |  2.3

Action                   || total
-------------------------++-------
Melee: Unarmed           ||    60
       Tentacles         ||    13
       Kick              ||     6
       Constrict         ||    18
       Punch             ||     3
 Cast: Beastly Appendage ||     7
  Use: Scroll            ||     4
 Stab: Sleeping          ||    12
  Eat: Ration            ||     1
Armor: Skin              ||    10
Dodge: Dodged            ||    31

Table legend:
 A = Non-vault XP
 B = Vault XP
 C = Vault XP percentage of total XP
 D = Non-vault monster count
 E = Vault monster count
 F = Vault count percentage of total count
                 A         B        C        D         E       F
            +---------+---------+-------+---------+---------+-------
      Total |      50 |       2 |   3.8 |      30 |       1 |   3.2
            +---------+---------+-------+---------+---------+-------
        D:1 |      44 |       0 |   0.0 |      26 |       0 |   0.0
        D:2 |       6 |       2 |  25.0 |       4 |       1 |  20.0
            +---------+---------+-------+---------+---------+-------
